 Dungeon Crawl Stone Soup version 0.29.0-4-gdea44cf6ec (webtiles) character file.

Game seed: 717347052766726967

135 qw the Chopper (level 5, 0/41 HPs)
             Began as a Ghoul Enchanter on Sept 8, 2022.
             Was an Initiate of Okawaru.
             Slain by a scorpion (6 damage)
             ... on level 3 of the Dungeon.
             The game lasted 00:01:45 (5207 turns).

qw the Chopper (Ghoul Enchanter)                    Turns: 5207, Time: 00:01:46

Health: 0/41       AC:  6    Str: 14    XL:     5   Next: 18%
Magic:  6/6        EV: 10    Int: 10    God:    Okawaru [......]
Gold:   198        SH:  4    Dex: 15    Spells: 7/7 levels left

rFire   . . .      SeeInvis .   Y - +0 war axe
rCold   + . .      Faith    .   c - +0 buckler
rNeg    + + +      Spirit   .   a - +0 ring mail
rPois   inf        Reflect  .   i - +0 helmet
rElec   .          Harm     .   (no cloak)
rCorr   .          Rampage  .   (no gloves)
Will    .....                   (no boots)
Stlth   ++........              (no amulet)
HPRegen 0.00/turn               b - +6 ring of dexterity
MPRegen 0.10/turn               (no ring)

@: about to teleport, inhibited regen
A: claws 1, cold resistance 1, negative energy resistance 3, inhibited
regeneration, torment resistance 2, devour on kill
a: Renounce Religion


You were on level 3 of the Dungeon.
You worshipped Okawaru.
Okawaru was noncommittal.
You visited 1 branch of the dungeon, and saw 4 of its levels.

You collected 198 gold pieces.


Innate Abilities, Weirdness & Mutations

You are immune to poison.
You have sharp fingernails.
Your flesh is cold resistant. (rC+)
You are immune to negative energy. (rN+++)
You do not regenerate when monsters are visible.
You are immune to unholy pain and torment.
You thrive by killing the living.


   Skills:
 - Level 2.0 Fighting
 - Level 0.8 Short Blades
 + Level 3.5 Axes
 - Level 1.7 Dodging
 - Level 3.2 Stealth
 - Level 1.0 Shields
 - Level 1.7 Spellcasting
 - Level 2.4 Hexes


You had 7 spell levels left.
You didn't know any spells.
Your spell library contained the following spells:

 Spells                   Type           Power      Damage    Failure   Level
 Ensorcelled Hibernation  Hex/Ice        6%         N/A       63%         2
 Confusing Touch          Hex            5%         N/A       69%         3
 Dazzling Flash           Conj/Hex       6%         N/A       86%         3
 Tukima's Dance           Hex            Unusable   N/A       N/A         3

Inventory:

Hand Weapons
 k - a +0 whip
 Y - a +0 war axe (weapon)
Armour
 a - a +0 ring mail (worn)
 c - a +0 buckler (worn)
 i - a +0 helmet (worn)
Jewellery
 b - a +6 ring of dexterity (left claw)
Scrolls
 f - a scroll of teleportation
Potions
 d - a potion of flight {unknown}
 e - 3 potions of curing
 g - a potion of brilliance {unknown}

Dungeon Overview and Level Annotations

Branches:
Dungeon (4/15)
 Temple: D:4-7

Altars:
Okawaru


Message History

You miss the ufetubus. You block the ufetubus's attack. The ufetubus hits you.
You block the scorpion's attack. The ufetubus closely misses you. x2
You slash the scorpion!
The scorpion is heavily wounded.
You closely miss the ufetubus. The scorpion stings you.
The ufetubus barely misses you. The ufetubus closely misses you.
The scorpion barely misses you. The ufetubus hits you.
The ufetubus barely misses you.
You barely miss the scorpion.
The scorpion is heavily wounded.
You hit the ufetubus but do no damage.
The ufetubus closely misses you. x2; The scorpion barely misses you.
The ufetubus hits you. x2; The scorpion stings you.
You closely miss the scorpion.
The scorpion is heavily wounded.
You barely miss the ufetubus. The ufetubus hits you.
The ufetubus hits you but does no damage.
The scorpion barely misses you.
The ufetubus hits you but does no damage.
The ufetubus closely misses you.
You barely miss the scorpion.
The scorpion is heavily wounded.
You hit the ufetubus but do no damage.
The ufetubus hits you but does no damage. x2
The scorpion stings you. The ufetubus barely misses you. x2
You block the scorpion's attack.
5206 ||| READING 2 scrolls of teleportation.
As you read the scroll of teleportation, it crumbles to dust.
You feel strangely unstable.
The ufetubus hits you but does no damage.
The ufetubus barely misses you. The scorpion stings you.
You block the ufetubus's attack.
The ufetubus hits you but does no damage.
You closely miss the scorpion.
The scorpion is heavily wounded.
You miss the ufetubus. The scorpion stings you.
You die...

#..........## #.....#
#..........# #.....#
#..........# #.....#
#.........## #.....#
#.........# #.....#
#.........# #.....#
#.........######..%.##
#..............#....#
####.5@s.......#....#
#.###......)#....# #.#
#......('....#
#.###.......#....#
#...#########....#
###.# #....## #.#
####..## #.# ##...
#.#### ###.


You could see a scorpion and an ufetubus.

Vanquished Creatures
  A howler monkey (D:3)
  3 adders
  A worm (D:3)
  3 dart slugs
  4 orcs (D:3)
  3 endoplasms
  4 giant cockroaches
  4 goblins
  5 hobgoblins
  4 jackals
  5 kobolds
  2 quokkas
  8 ball pythons
  5 bats
  3 frilled lizards
  3 rats
58 creatures vanquished.

Notes
Turn   | Place    | Note
-------+----------+-------------------------------------------
     0 | D:1      | qw the Ghoul Enchanter began the quest for the Orb.
     0 | D:1      | Reached XP level 1. HP: 14/14 MP: 2/2
     0 | D:1      | 0 ||| qw: Version: 0.1-a-111-g1c1fd2e
     0 | D:1      | 0 ||| qw: Game counter: 6634
     0 | D:1      | 0 ||| qw: Always use a shield: true
     0 | D:1      | 0 ||| qw: God list: Okawaru
     0 | D:1      | 0 ||| qw: Allow faded altars: false
     0 | D:1      | 0 ||| qw: Do Orc after D:15 true
     0 | D:1      | 0 ||| qw: Do second Lair branch before Depths: true
     0 | D:1      | 0 ||| qw: Lair rune preference: random
     0 | D:1      | 0 ||| qw: Plans: Normal
     0 | D:1      | 0 ||| PLANNING D:1-11
   214 | D:1      | HP: 2/14 [goblin/+0 dagger (2)]
   216 | D:1      | Reached skill level 1 in Axes
   583 | D:1      | Reached XP level 2. HP: 22/22 MP: 3/3
   583 | D:1      | 583 ||| Stepping ~*~*~tactically~*~*~ (stealth).
   595 | D:1      | Reached skill level 1 in Fighting
  1132 | D:1      | 1132 ||| Stepping ~*~*~tactically~*~*~ (hiding).
  1234 | D:1      | 1234 ||| Stepping ~*~*~tactically~*~*~ (hiding).
  1336 | D:1      | 1336 ||| Stepping ~*~*~tactically~*~*~ (hiding).
  1438 | D:1      | 1438 ||| Stepping ~*~*~tactically~*~*~ (hiding).
  1540 | D:1      | 1540 ||| Stepping ~*~*~tactically~*~*~ (hiding).
  1642 | D:1      | 1642 ||| Stepping ~*~*~tactically~*~*~ (hiding).
  1744 | D:1      | 1744 ||| Stepping ~*~*~tactically~*~*~ (hiding).
  1846 | D:1      | 1846 ||| Stepping ~*~*~tactically~*~*~ (hiding).
  1948 | D:1      | 1948 ||| Stepping ~*~*~tactically~*~*~ (hiding).
  2050 | D:1      | 2050 ||| Stepping ~*~*~tactically~*~*~ (hiding).
  2152 | D:1      | 2152 ||| Stepping ~*~*~tactically~*~*~ (hiding).
  2280 | D:1      | 2280 ||| SWAPPING to +0 whip.
  2281 | D:1      | 2281 ||| DROPPING +1 dagger.
  2636 | D:1      | Reached XP level 3. HP: 28/28 MP: 4/4
  2924 | D:1      | 2924 ||| UPGRADING to +0 ring mail.
  2934 | D:1      | 2934 ||| DROPPING +0 robe.
  2935 | D:1      | 2935 ||| READING scroll labelled LATTIDWEQISS.
  2936 | D:1      | 2936 ||| READING scroll labelled USKUIK MAPLIL.
  2937 | D:1      | 2937 ||| READING scroll labelled ROZACIUXIAXO.
  2938 | D:1      | 2938 ||| READING scroll labelled DOTUODAVVY.
  2939 | D:1      | 2939 ||| DRINKING 2 smoky grey potions.
  2940 | D:1      | 2940 ||| DROPPING 2 potions of invisibility.
  2957 | D:2      | 2957 ||| STAIRDANCE
  3260 | D:2      | 3260 ||| Stepping ~*~*~tactically~*~*~ (hiding).
  3264 | D:2      | 3264 ||| Stepping ~*~*~tactically~*~*~ (hiding).
  3449 | D:2      | 3449 ||| Stepping ~*~*~tactically~*~*~ (stealth).
  4109 | D:2      | Found an iron altar of Okawaru.
  4177 | D:2      | Became a worshipper of Warmaster Okawaru
  4265 | D:2      | 4265 ||| UPGRADING to +0 buckler.
  4270 | D:2      | 4270 ||| UPGRADING to +6 ring of dexterity.
  4271 | D:2      | 4271 ||| READING 2 scrolls labelled ONELAO TUIWENN.
  4275 | D:2      | 4275 ||| READING scroll labelled RECAOCH KUIBYA.
  4276 | D:2      | 4276 ||| READING scroll labelled UTOYSE KUHIW.
  4277 | D:2      | 4277 ||| READING scroll labelled GAXALE LOBB.
  4330 | D:3      | Reached XP level 4. HP: 36/36 MP: 5/5
  4372 | D:3      | 4372 ||| Stepping ~*~*~tactically~*~*~ (stealth).
  4373 | D:3      | 4373 ||| Stepping ~*~*~tactically~*~*~ (stealth).
  4377 | D:3      | 4377 ||| Stepping ~*~*~tactically~*~*~ (stealth).
  4438 | D:3      | 4438 ||| SWAPPING to +0 scimitar.
  4452 | D:3      | Reached skill level 3 in Axes
  4547 | D:3      | 4547 ||| DROPPING +1 whip.
  4589 | D:3      | 4589 ||| Stepping ~*~*~tactically~*~*~ (outnumbered).
  4597 | D:3      | Reached XP level 5. HP: 22/41 MP: 6/6
  4599 | D:3      | 4599 ||| FLEEEEING.
  4600 | D:3      | 4600 ||| FLEEEEING.
  4601 | D:3      | 4601 ||| FLEEEEING.
  4602 | D:3      | 4602 ||| FLEEEEING.
  4603 | D:3      | 4603 ||| FLEEEEING.
  4604 | D:3      | 4604 ||| FLEEEEING.
  4605 | D:3      | 4605 ||| FLEEEEING.
  4606 | D:3      | 4606 ||| FLEEEEING.
  4607 | D:3      | 4607 ||| FLEEEEING.
  4608 | D:3      | 4608 ||| FLEEEEING.
  4610 | D:3      | 4610 ||| FLEEEEING.
  4612 | D:3      | 4612 ||| FLEEEEING.
  4613 | D:3      | 4613 ||| FLEEEEING.
  4614 | D:3      | 4614 ||| FLEEEEING.
  4615 | D:3      | 4615 ||| FLEEEEING.
  4616 | D:3      | 4616 ||| FLEEEEING.
  4777 | D:3      | 4777 ||| Stepping ~*~*~tactically~*~*~ (stealth).
  4778 | D:3      | 4778 ||| Stepping ~*~*~tactically~*~*~ (stealth).
  4779 | D:3      | 4779 ||| Stepping ~*~*~tactically~*~*~ (stealth).
  4787 | D:3      | 4787 ||| Stepping ~*~*~tactically~*~*~ (outnumbered).
  4792 | D:3      | Reached skill level 1 in Shields
  4802 | D:3      | 4802 ||| SWAPPING to +0 war axe.
  4803 | D:3      | 4803 ||| DROPPING +0 scimitar.
  4804 | D:3      | 4804 ||| DROPPING +0 rapier.
  5176 | D:3      | 5176 ||| UPGRADING to +0 helmet.
  5181 | D:3      | 5181 ||| READING scroll labelled FIODGH CEUC.
  5182 | D:3      | 5182 ||| READING scroll labelled IXKUAMMECYCK.
  5197 | D:4      | 5197 ||| STAIRDANCE
  5205 | D:3      | HP: 10/41 [scorpion (6)]
  5206 | D:3      | 5206 ||| READING 2 scrolls of teleportation.
  5207 | D:3      | Slain by a scorpion

Levels and vault maps discovered:
D:1:      lemuel_arrival_behind_the_door_small, layout_basic, serial_curves,
          eino_curves_04, eino_curves_03, eino_curves_04, eino_curves_02
D:2:      layout_loops_corners, basic_altar
D:3:      layout_basic
D:4:      lemuel_castle_with_subvaults [lemuel_castle_interior_carwin_3],
          layout_basic

Skill      XL: |  1  2  3  4  5 |
---------------+----------------+-----
Axes           | 1 2 3 |  3.5
Fighting       | 1 2 |  2.0
Shields        | 1 |  1.0
Short Blades   | |  0.8
Dodging        | |  1.7
Stealth        | |  3.2
Spellcasting   | |  1.7
Hexes          | |  2.4

Action                   |  1- 3 |  4- 6 || total
-------------------------+-------+-------++-------
Melee: Dagger            |    87 |       ||    87
       Punch             |     4 |       ||     4
       Whip              |   137 |     8 ||   145
       Scimitar          |       |    38 ||    38
       War axe           |       |    23 ||    23
  Use: Scroll            |     8 |     3 ||    11
       Potion            |     1 |       ||     1
Armor: Robe              |    19 |       ||    19
       Ring mail         |    47 |    39 ||    86
Dodge: Dodged            |   108 |    51 ||   159
Block: Buckler           |       |    21 ||    21

Table legend:
 A = Non-vault XP
 B = Vault XP
 C = Vault XP percentage of total XP
 D = Non-vault monster count
 E = Vault monster count
 F = Vault count percentage of total count
                 A         B        C        D         E       F
            +---------+---------+-------+---------+---------+-------
      Total |     194 |       0 |   0.0 |      58 |       0 |   0.0
            +---------+---------+-------+---------+---------+-------
        D:1 |      35 |       0 |   0.0 |      21 |       0 |   0.0
        D:2 |      42 |       0 |   0.0 |      16 |       0 |   0.0
        D:3 |     117 |       0 |   0.0 |      21 |       0 |   0.0
            +---------+---------+-------+---------+---------+-------
